 Seeded DCSS version 0.29.1-15-g9cfb28693d (webtiles) character file.

Game seed: 8515177902725472229 (custom seed)

47 valliere the Gusty (level 3, -1/28 HPs)
             Began as a Draconian Air Elementalist on May 10, 2023.
             Slain by a gnoll
             ... wielding a +0 quarterstaff
              (6 damage)
             ... on level 1 of the Dungeon.
             The game lasted 00:03:13 (1768 turns).

valliere the Gusty (Draconian Air Elementalist)     Turns: 1768, Time: 00:03:14

Health: -1/28      AC:  8    Str: 10    XL:     3   Next: 48%
Magic:  0/6        EV: 12    Int: 17    God:
Gold:   61         SH:  0    Dex: 11    Spells: 5/6 levels left

rFire   . . .      SeeInvis +   j - +0 dagger
rCold   . . .      Faith    .   (no shield)
rNeg    . . .      Spirit   .   (body armour unavailable)
rPois   .          Reflect  .   (helmet restricted)
rElec   .          Harm     .   d - +2 cloak of the Thief {*Fog Slay-2 SInv Stlth+}
rCorr   .          Rampage  .   (no gloves)
Will    .....                   (no boots)
Stlth   +++.......              m - amulet of the acrobat
HPRegen 0.09/turn               (no ring)
MPRegen 0.10/turn               (no ring)

@: no status effects
A: AC +5, unfitting armour, cold-blooded
a: no special abilities


You were on level 1 of the Dungeon.
You visited 1 branch of the dungeon, and saw 2 of its levels.

You collected 61 gold pieces.

Inventory:

Hand Weapons
 j - a +0 dagger (weapon)
Armour
 d - the +2 cloak of the Thief (worn) {*Fog Slay-2 SInv Stlth+}
   (You acquired it on level 1 of the Dungeon)

   It may release a thick cloud of smoke when the wearer is hurt.
   Slay:      It affects your accuracy & damage with ranged weapons and melee
   (-2).
   SInv:      It lets you see invisible.
   Stlth:     It makes you more stealthy.
Jewellery
 m - an amulet of the acrobat (around neck)
Scrolls
 c - a scroll of identify {unknown}
 g - 3 scrolls of blinking {unknown}
 l - a scroll of enchant weapon {unknown}
 n - a scroll of teleportation {unknown}
Potions
 a - a potion of magic
 b - 3 potions of curing {unknown}
 e - a potion of attraction {unknown}
 f - a potion of might {unknown}
 h - a potion of flight {unknown}
 i - 2 potions of heal wounds {unknown}
 k - a potion of mutation {unknown}
 o - 2 potions of haste {unknown}


   Skills:
 + Level 1.0 Fighting
 + Level 2.0 Dodging
 + Level 2.1 Stealth
 + Level 2.2 Spellcasting
 + Level 1.4 Conjurations
 * Level 3.6 Air Magic


You had 5 spell levels left.
You knew the following spells:

 Your Spells              Type           Power      Damage    Failure   Level
a - Shock                 Conj/Air       40%        1d5       7%          1

Your spell library contained the following spells:

 Spells                   Type           Power      Damage    Failure   Level
 Static Discharge         Conj/Air       10%        3-5/arc   10%         2
 Swiftness                Air            14%        N/A       13%         3
 Slow                     Hex            4%         N/A       19%         1
 Airstrike                Air            7%         2d(1-17)  38%         4
 Confusing Touch          Hex            1%         N/A       50%         3
 Vampiric Draining        Necr           1%         2d6       50%         3
 Passage of Golubria      Tloc           1%         N/A       88%         4
 Silence                  Hex/Air        4%         N/A       94%         5
 Lehudib's Crystal Spear  Conj/Erth      2%         10d2      100%        8


Dungeon Overview and Level Annotations

Branches:
Dungeon (2/15)

Altars:
Xom

Shops:
D:2 *


Innate Abilities, Weirdness & Mutations

Your plain brown scales are hard. (AC +5)
You cannot fit into any form of body armour.
You are cold-blooded and may be slowed by cold attacks.


Message History

The gnoll is heavily wounded.
You are out of magic!
You closely miss the gnoll. You tail-slap the gnoll.
The gnoll is severely wounded.
The gnoll hits you with a +0 quarterstaff.
With a swish of your cloak, you release a cloud of fog.
Your magical contamination has completely faded away.
You closely miss the gnoll.
The gnoll is severely wounded.
The gnoll hits you with a +0 quarterstaff.
You hit the gnoll but do no damage.
The gnoll is severely wounded.
The gnoll hits you with a +0 quarterstaff.
You hit the gnoll but do no damage.
The gnoll is severely wounded.
The gnoll hits you from afar with a +0 spear.
With a swish of your cloak, you release a cloud of fog.
The gnoll misses you.
Casting: Shock (safe; 7% risk of failure)
Confirm with . or Enter, or press ? or * to list all spells.
Aiming: Shock (safe; 7% risk of failure)
Press: ? - help, Shift-Dir - straight line, f - gnoll, p - gnoll
Aim: a gnoll, wielding a +0 spear and quivering 2 throwing nets (grey smoke, 72% to hit)
The zap hits the gnoll.
The gnoll is severely wounded.
The zap hits the gnoll.
The gnoll is moderately wounded.
The gnoll barely misses you.
The gnoll hits you with a +0 quarterstaff.
Unknown command.
There is a stone staircase leading up here.
The gnoll hits you with a +0 quarterstaff!
* * * LOW HITPOINT WARNING * * *
With a swish of your cloak, you release a cloud of fog.
You climb upwards.
There is a stone staircase leading down here.
You hit the gnoll.
Your tail-slap misses the gnoll.
The gnoll is severely wounded.
The gnoll hits you with a +0 quarterstaff.
You die...

####..###### #.### ####
##.##...# #)# #...
#.##...# #†# #.##
#.##...####.# #.##
#......##...# #...
####...#..###############
#.....##..............
#.....##.#############
#...g@##.# ♣ #...#.##.#
♣♣♣
#...#.##.#######♣♣♣♣..
#...#.##..............
#...#.##..............
#####.##.###..........
#.##.##...........
#.##.##♣.......#.. #....#
♣.......#..


You could see a gnoll.

Vanquished Creatures
  A gnoll (D:2)
  2 dart slugs (D:1)
  A ball python (D:2)
  5 bats
  An endoplasm (D:1)
  2 giant cockroaches (D:1)
  3 goblins
  3 hobgoblins (D:1)
  5 jackals
  4 frilled lizards
  A kobold (D:1)
  2 rats (D:1)
30 creatures vanquished.

Notes
Turn   | Place    | Note
-------+----------+-------------------------------------------
     0 | D:1      | valliere the Draconian Air Elementalist began the quest for
                  | the Orb.
     0 | D:1      | Reached XP level 1. HP: 14/14 MP: 3/3
   104 | D:1      | Identified a scroll of acquirement
   104 | D:1      | Acquired the +2 cloak of the Thief {*Fog Slay-2 SInv
                  | Stlth+}
   104 | D:1      | Found the +2 cloak of the Thief {*Fog Slay-2 SInv Stlth+}
   278 | D:1      | Reached XP level 2. HP: 22/22 MP: 1/5
  1246 | D:1      | Reached XP level 3. HP: 27/27 MP: 4/6
  1337 | D:2      | Found a shimmering altar of Xom.
  1365 | D:2      | Found Vuamm's General Store.
  1605 | D:2      | Reached skill level 1 in Fighting
  1768 | D:1      | Slain by a gnoll

Illustrated notes

Levels and vault maps discovered:
D:1:      sevenhm_arrival_forest_fort_large_4, layout_basic,
          nrook_loot_triangle, minmay_lizard_pond
D:2:      layout_loops_ring, basic_altar, serial_shops,
          nicolae_shop_temple_entry_statues_fountains

Skill      XL: |  1  2  3 |
---------------+----------+-----
Stealth        | 2 |  2.1
Dodging        | 2 |  2.0
Fighting       | 1 |  1.0
Spellcasting   | |  2.2
Conjurations   | |  1.4
Air Magic      | |  3.6

Action                   || total
-------------------------++-------
Melee: Unarmed           ||    42
       Tailslap          ||     4
       Dagger            ||    17
       Punch             ||     1
 Cast: Shock             ||    66
  Use: Scroll            ||     1
 Stab: Sleeping          ||     1
Armor: Skin              ||    33
Dodge: Dodged            ||    52
